 Dungeon Crawl Stone Soup version 0.29.1-2-gbd0b4ee654 (webtiles) character file.

Game seed: 12846283744477904245

184 styxcanada the Covert (level 5, -5/26 HPs)
             Began as a Spriggan Brigand on Nov 20, 2022.
             Was an Initiate of Gozag.
             Slain by a black bear (6 damage)
             ... on level 4 of the Dungeon on Nov 21, 2022.
             The game lasted 00:11:38 (3408 turns).

styxcanada the Covert (Spriggan Brigand)            Turns: 3408, Time: 00:11:38

Health: -5/26      AC:  3    Str:  7    XL:     5   Next: 36%
Magic:  8/8        EV: 17    Int: 13    God:    Gozag
Gold:   214        SH:  0    Dex: 18    Spells: 4/7 levels left

rFire   . . .      SeeInvis +   a - +2 dagger (flame)
rCold   . . .      Faith    .   (no shield)
rNeg    . . .      Spirit   .   b - +0 robe
rPois   .          Reflect  .   (helmet restricted)
rElec   .          Harm     .   c - +0 cloak
rCorr   .          Rampage  .   (gloves unavailable)
Will    .....                   (boots unavailable)
Stlth   ++++......              (no amulet)
HPRegen 0.08/turn               (no ring)
MPRegen 0.11/turn               (no ring)

@: very quick
A: very small, no large weapons, unfitting armour, see invisible, speed 3
a: Renounce Religion, Potion Petition, Call Merchant, Bribe Branch


You were on level 4 of the Dungeon.
You worshipped Gozag.
Gozag was aware of your devotion.
You visited 1 branch of the dungeon, and saw 4 of its levels.

You collected 235 gold pieces.
You paid 21 gold pieces to Gozag.

Inventory:

Hand Weapons
 a - a +2 dagger of flaming (weapon)
 g - a +2 dagger of protection
 o - a +0 dagger of venom
Missiles
 d - 13 poisoned darts (quivered)
 e - 3 curare-tipped darts
 h - 28 stones
 l - 3 boomerangs
Armour
 b - a +0 robe (worn)
 c - a +0 cloak (worn)
Magical Staves
 j - a staff of air
Jewellery
 n - an amulet of reflection
Potions
 f - a potion of magic
 i - 2 potions of degeneration {unknown}
 k - 2 potions of resistance {unknown}
 m - a potion of ambrosia {unknown}


   Skills:
 * Level 2.0 Fighting
 + Level 2.9 Short Blades
 + Level 2.1 Throwing
 * Level 2.2 Dodging
 * Level 8.3 Stealth
 * Level 1.6 Spellcasting
 * Level 0.4 Conjurations
 * Level 0.5 Fire Magic


You had 4 spell levels left.
You knew the following spells:

 Your Spells              Type           Power      Damage    Failure   Level
a - Conjure Flame         Conj/Fire      2%         6-21      54%         3

Your spell library contained the following spells:

 Spells                   Type           Power      Damage    Failure   Level
 Ignite Poison            Fire/Tmut/Pois 1%         N/A       58%         3
 Sticky Flame             Conj/Fire      2%         2d3       91%         4


Dungeon Overview and Level Annotations

Branches:
Dungeon (4/15)
 Temple: D:4-7

Altars:
Ashenzari
Elyvilon
Fedhas
Gozag
Okawaru
Ru
Sif Muna
Xom
Zin
The Shining One


Innate Abilities, Weirdness & Mutations

You are very small and have problems with some larger weapons.
You are too small for most types of armour.
You have supernaturally acute eyesight. (SInv)
You cover ground extremely quickly. (Speed+++)


Message History

The ball python grabs you. The ball python constricts you.
The endoplasm quivers.
You hit the ball python. You burn the ball python.
You kill the ball python!
You hit the black bear but do no damage.
The black bear bites you but does no damage.
The black bear claws you but does no damage.
The black bear closely misses you.
You hit the black bear. You burn the black bear.
The black bear is moderately wounded.
The black bear closely misses you. The black bear barely misses you.
The black bear claws you.
You hit the black bear but do no damage.
The black bear is moderately wounded.
A goblin comes into view. It is wielding a +0 dagger.
The black bear misses you. The black bear claws you. x2
You hit the black bear. You burn the black bear.
The black bear is moderately wounded.
The black bear bites you. The black bear barely misses you.
The black bear completely misses you.
You hit the black bear but do no damage.
The black bear is moderately wounded.
The black bear misses you. The black bear claws you.
The black bear barely misses you.
You hit the black bear. You burn the black bear.
The black bear is heavily wounded.
You hit the black bear. You burn the black bear.
The black bear is heavily wounded.
The black bear bites you! The black bear misses you. x2
You hit the black bear but do no damage.
The black bear is heavily wounded.
The black bear bites you.
* * * LOW HITPOINT WARNING * * *
The black bear completely misses you. The black bear claws you.
* * * LOW HITPOINT WARNING * * *
You hit the black bear but do no damage.
The black bear is heavily wounded.
The black bear bites you.
You die...
Your body crumbles into a pile of gold.

#....................
#.###################
#.....# #####'#####
#..$...# #......#
#.$....# #......#
#@!....#
......h#.##### ######
......J.... +.....
#.....g#.### ######
.......+.. #
#......#.# #
#......#.# # #......
.# # #


You could see a black bear, an endoplasm and a goblin.

Vanquished Creatures
  A jelly (D:4)
  An iguana (D:4)
  An orc wizard (D:3)
  Robin (D:3)
  A gnoll (D:1)
  An adder (D:2)
  An ufetubus (D:4)
  A worm (D:3)
  A dart slug (D:2)
  4 orcs (D:3)
  3 ball pythons
  8 endoplasms
  3 giant cockroaches
  15 goblins
  6 hobgoblins
  2 kobolds
  4 bats
  A rat (D:3)
  A toadstool (D:1)
56 creatures vanquished.

Vanquished Creatures (others)
  3 toadstools (D:1)
3 creatures vanquished.

Grand Total: 59 creatures vanquished

Notes
Turn   | Place    | Note
-------+----------+-------------------------------------------
     0 | D:1      | styxcanada the Spriggan Brigand began the quest for the
                  | Orb.
     0 | D:1      | Reached XP level 1. HP: 10/10 MP: 2/2
    67 | D:1      | Reached skill level 6 in Stealth
   425 | D:1      | Reached XP level 2. HP: 13/15 MP: 3/3
   529 | D:1      | Reached skill level 7 in Stealth
   896 | D:2      | Reached XP level 3. HP: 18/18 MP: 3/5
  1229 | D:2      | Reached skill level 1 in Spellcasting
  1453 | D:2      | Found a faded altar of an unknown god.
  1710 | D:2      | Learned a level 3 spell: Conjure Flame
  1780 | D:2      | Found a shimmering altar of Xom.
  2332 | D:3      | Found an iron altar of Okawaru.
  2334 | D:3      | Found a sacrificial altar of Ru.
  2338 | D:3      | Found a blossoming altar of Fedhas.
  2339 | D:3      | Found a glowing golden altar of the Shining One.
  2339 | D:3      | Found an opulent altar of Gozag.
  2340 | D:3      | Found a broken altar of Ashenzari.
  2341 | D:3      | Found a shimmering altar of Xom.
  2344 | D:3      | Found a white marble altar of Elyvilon.
  2347 | D:3      | Became a worshipper of Gozag Ym Sagoz the Greedy
  2418 | D:3      | Reached XP level 4. HP: 9/23 MP: 6/6
  2418 | D:3      | Noticed Robin
  2451 | D:3      | Killed Robin
  2711 | D:3      | Found a glowing silver altar of Zin.
  2713 | D:3      | Found a shimmering blue altar of Sif Muna.
  3330 | D:4      | Reached skill level 8 in Stealth
  3346 | D:4      | Reached XP level 5. HP: 24/26 MP: 8/8
  3395 | D:4      | Noticed a black bear
  3407 | D:4      | HP: 1/26 [black bear (2)]
  3408 | D:4      | Slain by a black bear

Illustrated notes

Levels and vault maps discovered:
D:1:      ldierk_water_garden, layout_rooms
D:2:      layout_basic, basic_altar, shapermc_ecumenical_altar_pompeii
D:3:      layout_loops_corners, minitemple, nicolae_overflow_hidden_temple,
          solitary_fountain, hangedman_feature_mirror, minmay_curled_crystal,
          minmay_misc_feat_four_crosses, uniq_robin
D:4:      layout_basic, gammafunk_ghost_mausoleum, minivault_14

Skill      XL: |  1  2  3  4 |
---------------+-------------+-----
Stealth        | 6 7 8 |  8.3
Spellcasting   | 1 |  1.6
Fighting       | 2 |  2.0
Dodging        | 2 |  2.2
Short Blades   | |  2.9
Throwing       | |  2.1
Conjurations   | |  0.4
Fire Magic     | |  0.5

Action                   |  1- 3 |  4- 6 || total
-------------------------+-------+-------++-------
Melee: Dagger            |    72 |    54 ||   126
       Punch             |     1 |       ||     1
Throw: Dart              |     6 |     7 ||    13
  Use: Scroll            |     4 |       ||     4
       Potion            |       |     1 ||     1
 Stab: Sleeping          |    13 |     4 ||    17
       Distracted        |       |     1 ||     1
Armor: Robe              |    11 |     6 ||    17
Dodge: Dodged            |    40 |    43 ||    83
